 Dungeon Crawl Stone Soup version 0.19-a0-994-g3c636f0 (webtiles) character file.

565 4thArraOfDagon the Firebug (level 7, 0/36 HPs)
             Began as a Deep Elf Fire Elementalist on July 17, 2016.
             Killed by divine providence
             ... invoked by an orc priest
              (13 damage)
             ... on level 7 of the Dungeon.
             The game lasted 00:10:39 (2068 turns).

4thArraOfDagon the Firebug (DEFE)                   Turns: 2068, Time: 00:10:39

Health: 0/36       AC:  2    Str:  9    XL:     7   Next: 10%
Magic:  6/16       EV: 18    Int: 22    God:
Gold:   232        SH:  0    Dex: 20    Spells: 4 memorised, 3 levels left

rFire  . . .     SeeInvis .     d - +0 club
rCold  . . .     Gourm    .     a - +0 robe
rNeg   . . .     Faith    .     (no shield)
rPois  +         Spirit   .     (no helmet)
rElec  .         Dismiss  .     (no cloak)
rCorr  .         Reflect  .     (no gloves)
SustAt .         Harm     .     (no boots)
MR     .....                    (no amulet)
Stlth  +++.......               r - ring of poison resistance
                                p - +4 ring of strength

@: agile, about to teleport, very slightly contaminated, starving, not resistant
to hostile enchantments, fairly stealthy
A: no striking features
a: no special abilities


You were on level 7 of the Dungeon.
You were starving.

You visited 1 branch of the dungeon, and saw 7 of its levels.

You collected 232 gold pieces.

Inventory:

Hand Weapons
 d - a +0 club (weapon)
 j - a +0 long sword
Missiles
 x - a throwing net (quivered)
Armour
 a - a +0 robe (worn)
Jewellery
 p - a +4 ring of strength (left hand)
 q - an uncursed ring of protection from magic
 r - a ring of poison resistance (right hand)
Wands
 w - a wand of digging (0/24)
Scrolls
 e - a scroll of enchant weapon {unknown}
 h - 2 scrolls of identify
 n - a scroll of random uselessness
 o - a scroll of amnesia {unknown}
 s - 2 scrolls of remove curse {unknown}
 t - a scroll of holy word {unknown}
 u - a scroll of enchant armour {unknown}
Potions
 g - a potion of ambrosia {unknown}
 l - a potion of agility
 m - 2 potions of lignification {unknown}
 v - a potion of haste {unknown}
Books
 b - a book of Flames

   Spells                             Type                      Level
   a - Flame Tongue                   Conjuration/Fire             1
   b - Throw Flame                    Conjuration/Fire             2
   c - Conjure Flame                  Conjuration/Fire             3
   d - Inner Flame                    Hexes/Fire                   3
   e - Sticky Flame                   Conjuration/Fire             4
   f - Fireball                       Conjuration/Fire             5
Comestibles
 c - 7 bread rations
 i - 2 fruits
 z - 6 beef jerkies


   Skills:
 - Level 2.4 Dodging
 - Level 2.4 Stealth
 + Level 5.2 Spellcasting
 * Level 5.1 Conjurations
 * Level 6.3 Fire Magic


You had 3 spell levels left.
You knew the following spells:

 Your Spells              Type           Power        Failure   Level  Hunger
a - Flame Tongue          Conj/Fire      ####.        1%          1    None
b - Conjure Flame         Conj/Fire      ####....     2%          3    ##.....
c - Sticky Flame          Conj/Fire      ####....     12%         4    ####...
d - Fireball              Conj/Fire      ####......   28%         5    #####..


Dungeon Overview and Level Annotations

Branches:
Dungeon (7/15)
 Temple: D:4-7

Altars:
Dithmenos
Uskayaw
The Shining One

Annotations:
D:3 Grinder


Message History

Unknown command.
Unknown command.
Unknown command.
An orc priest comes into view. It is wielding a dagger.
Unknown command.
You feel better. The hungry ghost closely misses you.
The orc closely misses you.
You feel agile all of a sudden. The hungry ghost hits you.
You feel somewhat more hungry. The orc closely misses you.
Okay, then.
As you read the scroll of teleportation, it crumbles to dust.
You feel strangely unstable. The hungry ghost barely misses you.
The orc completely misses you.
You hit the orc but do no damage.
The orc priest shouts!
The hungry ghost barely misses you. The orc closely misses you.
The orc priest invokes the aid of Beogh against you.
Beogh smites you!
You die...

##### ....# ###.# ## #
o. ###.#. #. ......
...#..####### ######
#....o@W...# #####
#.#####..#####.# ....#
#....... #.#
###.###...... #.# #
#.##...### ###.#
###.#.....## ##.#.#
.##........## ##.#..#
.##.........####.....#
............'........#


You could see a hungry ghost, an orc priest and an orc.

Vanquished Creatures
  2 ogres
  3 killer bees (D:7)
  An orc priest (D:5)
  A jelly (D:5)
  An orc wizard (D:5)
  4 worker ants
  6 adders
  An adder skeleton (D:5)
  A giant gecko (D:3)
  14 orcs
  3 giant cockroaches
  2 hobgoblins
  3 jackals (D:4)
  2 giant newts
  A jackal skeleton (D:5)
45 creatures vanquished.

Notes
Turn   | Place    | Note
-------+----------+-------------------------------------------
     0 | D:1      | 4thArraOfDagon the Deep Elf Fire Elementalist began the quest for the Orb.
     0 | D:1      | Reached XP level 1. HP: 10/10 MP: 6/6
   182 | D:3      | Noticed Grinder
   194 | D:3      | FUCKED UP LEVEL
   230 | D:3      | Reached XP level 2. HP: 15/15 MP: 5/8
   235 | D:3      | Found a hide-covered altar of Uskayaw.
   310 | D:4      | Found a shadowy altar of Dithmenos.
   342 | D:5      | Entered Level 5 of the Dungeon
   349 | D:5      | Reached XP level 3. HP: 11/19 MP: 2/9
   354 | D:5      | Learned a level 3 spell: Conjure Flame
   371 | D:5      | Reached skill level 4 in Fire Magic
   391 | D:5      | Reached XP level 4. HP: 18/24 MP: 1/11
   415 | D:5      | Learned a level 4 spell: Sticky Flame
   635 | D:6      | Noticed an ogre
   706 | D:6      | Killed an ogre
   706 | D:6      | Reached skill level 5 in Fire Magic
   706 | D:6      | Reached XP level 5. HP: 28/28 MP: 7/13
  1115 | D:5      | Reached XP level 6. HP: 28/32 MP: 0/14
  1337 | D:6      | Learned a level 5 spell: Fireball
  1346 | D:6      | nno stairs
  1346 | D:6      | lets die
  1383 | D:7      | Noticed a hill giant
  1386 | D:6      | WTf
  1519 | D:6      | Found a glowing golden altar of the Shining One.
  1570 | D:6      | WYJHERE
  1648 | D:6      | WHERE
  1658 | D:6      | LAST PIXEL?
  1728 | D:6      | WHERE
  1815 | D:7      | Noticed a hungry ghost
  1872 | D:7      | Reached skill level 5 in Spellcasting
  1872 | D:7      | Reached skill level 6 in Fire Magic
  1964 | D:7      | Reached skill level 5 in Conjurations
  1964 | D:7      | Reached XP level 7. HP: 32/36 MP: 8/16
  2068 | D:7      | Killed from afar by an orc priest

Vault maps used:
D:1:      evilmike_arrival_plus
D:2:      uniq_terence
D:3:      eat_drink_and_be_merry_uskayaw, uniq_grinder
D:4:      nicolae_dithmenos_through_a_glass_darkly, okawaru_altar_gauntlet_db
D:5:      first_bread, guppyfry_early_lair_pool
D:6:      lemuel_upstairs_altar, nicolae_overflow_hidden_temple
D:7:      grunt_ogre_cave

Skill      XL: |  1  2  3  4  5  6 |
---------------+-------------------+-----
Conjurations   | 2 3 4 5 |  5.1
Fire Magic     | 4 5 6 |  6.3
Spellcasting   | 4 5 |  5.2
Dodging        | |  2.4
Stealth        | |  2.4

Action                   |  1- 3 |  4- 6 |  7- 9 || total
-------------------------+-------+-------+-------++-------
Melee: Club              |       |    17 |     3 ||    20
 Cast: Flame Tongue      |    29 |    54 |       ||    83
       Conjure Flame     |     1 |     1 |       ||     2
       Sticky Flame      |       |     7 |     2 ||     9
Evoke: Wand              |       |     3 |       ||     3
  Use: Potion            |     1 |     1 |     2 ||     4
       Scroll            |       |     4 |     1 ||     5
  Eat: Chunk             |       |     1 |       ||     1
       Fruit             |       |     3 |       ||     3
       Beef jerky        |       |     1 |       ||     1
Armor: Robe              |     2 |     7 |     1 ||    10
Dodge: Dodged            |     8 |    44 |    16 ||    68
